 Dungeon Crawl Stone Soup version 0.29-a0-297-g7659ce593d (webtiles) character file.

Game seed: 7667729476824204490

196094 Dabor the Tortoise (level 18, -3/120 HPs)
             Began as a Gargoyle Fighter on Mar 20, 2022.
             Was the Champion of Nemelex Xobeh.
             Slain by an emperor scorpion (8 damage)
             ... on level 4 of the Spider Nest.
             The game lasted 01:35:03 (33463 turns).

Dabor the Tortoise (Gargoyle Fighter)              Turns: 33463, Time: 01:35:04

Health: -3/120     AC: 41    Str: 28      XL:     18   Next: 36%
Magic:  25/27      EV: 14    Int:  4 (5)  God:    Nemelex Xobeh [******]
Gold:   1774       SH: 26    Dex: 13      Spells: 17/17 levels left

rFire   + . .      SeeInvis .   T - +8 eveningstar (holy)
rCold   . . .      Faith    .   x - +5 kite shield
rNeg    + . .      Spirit   .   r - +6 scale mail of the Mashing Gods {Str+3 Dex+2}
rPois   ∞          Reflect  +   E - +1 hat {Will+}
rElec   +          Harm     .   G - +1 cloak {rPois}
rCorr   .          Rampage  .   p - +2 pair of gloves
Will    +++++                   (no boots)
Stlth   ..........              U - amulet "Noedoull" {Reflect rElec Regen+ SH+5}
HPRegen 1.10/turn               I - ring of willpower
MPRegen 0.20/turn               j - ring "Kij Goza" {rF+ Will++ AC+4 Int-5}

@: flying
A: sickness immunity, AC +13, big wings, negative energy resistance 1,
electricity resistance, torment resistance 1, petrification resistance, beak,
large bone plates 1
}: 1/15 runes: barnacled
a: Renounce Religion, Draw Escape, Draw Destruction, Draw Summoning, Triple
Draw, Deal Four, Stack Five


You were on level 4 of the Spider Nest.
You worshipped Nemelex Xobeh.
Nemelex Xobeh was exalted by your worship.
You visited 6 branches of the dungeon, and saw 29 of its levels.
You also visited: Sewer and Ossuary.

You collected 2645 gold pieces.
You spent 871 gold pieces at shops.

Inventory:

Hand Weapons
 T - a +8 eveningstar of holy wrath (weapon)
Missiles
 e - 3 throwing nets
 w - a silver boomerang (quivered)
 J - 32 boomerangs
 Q - 13 javelins
Armour
 a - a +2 tower shield
 p - a +2 pair of gloves (worn)
 r - the +6 scale mail of the Mashing Gods (worn) {Str+3 Dex+2}
   (You found it on level 2 of the Dungeon)

   Str:       It affects your strength (+3).
   Dex:       It affects your dexterity (+2).
 x - a +5 kite shield (worn)
 y - a +2 kite shield of reflection
 E - a +1 hat of willpower (worn)
 G - a +1 cloak of poison resistance (worn)
Jewellery
 j - the ring "Kij Goza" (right hand) {rF+ Will++ AC+4 Int-5}
   (You acquired it on level 9 of the Dungeon)

   [ring of protection]

   AC:        It affects your AC (+4).
   Int:       It affects your intelligence (-5).
   rF:        It protects you from fire.
   Will:      It greatly increases your willpower.
 I - a ring of willpower (left hand)
 U - the amulet "Noedoull" (around neck) {Reflect rElec Regen+ SH+5}
   (You acquired it on level 2 of the Lair of Beasts)

   [amulet of reflection]

   It reflects blocked missile attacks.
   rElec:     It insulates you from electricity.
   Regen:     It increases your rate of health regeneration.
   SH:        It affects your SH (+5).
 W - a ring of positive energy
Wands
 c - a wand of flame (20)
 s - a wand of charming (4)
 t - a wand of paralysis (6)
 L - a wand of mindburst (10)
 N - a wand of digging (15)
 O - a wand of iceblast (29)
 R - a wand of polymorph (4)
 X - a wand of acid (3)
Scrolls
 d - 2 scrolls of holy word
 f - 2 scrolls of fear
 g - 14 scrolls of teleportation
 h - 2 scrolls of brand weapon
 i - 5 scrolls of fog
 v - a scroll of silence
 z - 3 scrolls of blinking
 A - 5 scrolls of magic mapping
 C - a scroll of summoning
 F - 5 scrolls of amnesia
 H - 3 scrolls of enchant armour
Potions
 k - 4 potions of magic
 l - 5 potions of invisibility
 m - 7 potions of heal wounds
 n - 6 potions of brilliance
 o - 3 potions of resistance
 q - 9 potions of curing
 u - a potion of berserk rage
 B - 4 potions of haste
 D - a potion of might
 K - 3 potions of cancellation
 P - 2 potions of ambrosia
 S - 3 potions of mutation
Miscellaneous
 b - a condenser vane (inert)
 M - a tin of tremorstones (inert)
 V - a box of beasts
 Y - a phantom mirror
 Z - a lightning rod (1/4)


   Skills:
 * Level 15.7 Fighting
 * Level 14.3 Maces & Flails
 * Level 15.7 Armour
 + Level 11.6 Dodging
 * Level 12.2 Shields
 + Level 12.2 Invocations
 + Level 9.2 Evocations


You had 17 spell levels left.
You didn't know any spells.
Your spell library contained the following spells:

 Spells                   Type           Power      Damage    Failure   Level
 Apportation              Tloc           0%         N/A       89%         1
 Magic Dart               Conj           0%         1d3       89%         1
 Sandblast                Erth           0%         2d4       89%         1
 Sting                    Tmut/Pois      0%         1d3       89%         1
 Blink                    Tloc           0%         N/A       96%         2
 Call Imp                 Summ           0%         N/A       96%         2
 Passwall                 Tmut/Erth      0%         N/A       96%         2
 Poisonous Vapours        Pois/Air       0%         N/A       96%         2
 Static Discharge         Conj/Air       0%         N/A       96%         2
 Confusing Touch          Hex            0%         N/A       99%         3
 Lesser Beckoning         Tloc           0%         N/A       99%         3
 Mephitic Cloud           Conj/Pois/Air  0%         N/A       99%         3
 Stone Arrow              Conj/Erth      0%         3d7       99%         3
 Tukima's Dance           Hex            0%         N/A       99%         3
 Animate Dead             Necr           0%         N/A       100%        4
 Leda's Liquefaction      Hex/Erth       0%         N/A       100%        4
 Olgreb's Toxic Radiance  Pois           0%         N/A       100%        4
 Passage of Golubria      Tloc           0%         N/A       100%        4
 Petrify                  Tmut/Erth      0%         N/A       100%        4
 Summon Ice Beast         Ice/Summ       0%         N/A       100%        4
 Alistair's Intoxication  Tmut/Pois      0%         N/A       100%        5
 Irradiate                Conj/Tmut      0%         3d13      100%        5
 Lee's Rapid Deconstruct  Erth           0%         3d5*      100%        5
 Lightning Bolt           Conj/Air       0%         1d11      100%        5
 Manifold Assault         Tloc           0%         N/A       100%        5
 Summon Mana Viper        Hex/Summ       0%         N/A       100%        5
 Yara's Violent Unravell  Hex/Tmut       0%         3d3       100%        5
 Enfeeble                 Hex            0%         N/A       100%        7
 Haunt                    Necr/Summ      0%         N/A       100%        7
 Monstrous Menagerie      Summ           0%         N/A       100%        7
 Infestation              Necr           0%         N/A       100%        8
 Maxwell's Capacitive Co  Air            0%         ∞         100%        8
 Sublimation of Blood     Necr           Unusable   N/A       N/A         2
 Statue Form              Tmut/Erth      Unusable   N/A       N/A         6

Dungeon Overview and Level Annotations

Branches:
Dungeon (12/15)            Temple (1/1) D:7            Lair (6/6) D:9
 Shoals (4/4) Lair:3       Spider (4/4) Lair:3        Slime (0/5) Lair:6
    Orc (2/2) D:11            Elf (0/3) Orc:2         Sewer (visited)
Ossuary (visited)

Altars:
Ashenzari
Cheibriados
Dithmenos
Elyvilon
Fedhas
Gozag
Hepliaklqana
Kikubaaqudgha
Makhleb
Nemelex Xobeh
Okawaru
Qazlal
Ru
Sif Muna
Trog
Uskayaw
Vehumet
Wu Jian
Xom
Yredelemnul
Zin
The Shining One
Beogh
Jiyva

Shops:
D:1 !   D:8 :   Orc:2 **[[   Shoals:2 :   Shoals:3 =

Annotations:
Lair:1 exclusion: 4 oklob plants
Abyss:1 Nikola


Innate Abilities, Weirdness & Mutations

You are immune to sickness and miasma.
Your stone body is resilient. (AC +13)
You are immune to poison.
Your large and strong wings let you fly.
You resist negative energy. (rN+)
You are resistant to electric shocks. (rElec)
You are resistant to unholy torment.
You are immune to petrification.
You have a beak for a mouth.
You are partially covered in large bone plates. (SH +4)


Message History

You are too injured to fight recklessly!
Clouds of thunder condense around you!
The condenser dries out!
You block the emperor scorpion's attack. x3
The emperor scorpion closely misses you.
The emperor scorpion misses you.
The emperor scorpion claws you but does no damage.
The moth of wrath bites you but does no damage.
You block the emperor scorpion's attack.
The emperor scorpion claws you but does no damage.
The emperor scorpion misses you.
The redback is struck by lightning.
The emperor scorpion misses you. The emperor scorpion barely misses you.
The emperor scorpion claws you but does no damage.
The moth of wrath is struck by lightning.
The moth of wrath bites you.
The emperor scorpion attacks as you move away!
The emperor scorpion stings you!!
* * * LOW HITPOINT WARNING * * *
You block the emperor scorpion's attack. x2
The redback is struck by lightning.
You kill the redback!
You block the emperor scorpion's attack. x2
The emperor scorpion claws you but does no damage.
The moth of wrath is struck by lightning.
Okay, then.
Unknown command.
You draw... (choose one card, ? for their descriptions) a - Velocity
b - the Cloud
c - the Tomb You have drawn the Tomb.
Walls emerge from the floor!
You block the emperor scorpion's attack. x2
The emperor scorpion claws you.
* * * LOW HITPOINT WARNING * * *
The emperor scorpion stings you!!
* * * LOW HITPOINT WARNING * * *
The emperor scorpion claws you but does no damage. x2
The emperor scorpion is struck by lightning.
The emperor scorpion stings you!
You die...
Your body disappears without a glow.

.#. ! ....^#.^ #
.#<.#.......^ . .#
^..........#
..#.^#.#§§#.#....
#..#..^§§.#.^..#
.^.#..§§....#...
#...#§#§.#..#^....
#.##s§§.....#.#. #
#.#@s§§#^#^..#.#.#.
.#.##y§§.^.^#....#.^.
#....#...#^...^....#.
.^#....#.#^^#........#
.?#...#.....#...#...#..#
. #.#...#...##.......^#.
...#.#.##.....^..#...^
#..#..#....##...#...###
...#.........#.#....[.


You could see 2 emperor scorpions and a moth of wrath.

Vanquished Creatures
  Arachne (Spider:2)
  Polyphemus (Shoals:4)
  Frances (Shoals:2)
  2 krakens
  Gastronok (D:9)
  A storm dragon (Lair:6)
  Ilsuiw (Shoals:3)
  Donald (Shoals:3)
  4 emperor scorpions
  A frost giant (D:12)
  A ghost moth (Spider:2)
  An orc warlord (Orc:2)
  A spark wasp (Spider:4)
  3 entropy weavers
  3 merfolk javelineers (Shoals:4)
  A fire dragon (Lair:6)
  8 hydras
  5 merfolk impalers
  A boulder beetle (Spider:2)
  An ogre mage (Orc:2)
  4 centaur warriors (D:12)
  3 catoblepae
  2 alligator snapping turtles
  2 radroaches
  2 merfolk avatars (Shoals:4)
  6 death yaks
  5 satyrs
  5 merfolk aquamancers
  2 two-headed ogres
  4 orc high priests (Orc:2)
  Urug (Lair:1)
  6 pharaoh ants
  A sun moth (Spider:1)
  12 sea snakes
  A swamp dragon (Lair:6)
  6 steelbarb worms
  A flayed ghost (D:12)
  A death drake (shapeshifter) (D:12)
  3 orb spiders
  Pikel (D:5)
  4 orc knights
  20 harpies
  A deep elf pyromancer (D:12)
  5 orc sorcerers
  An oklob plant (Lair:1)
  A moth of wrath (Spider:1)
  13 manticores
  A salamander (Lair:3)
  13 wolf spiders
  26 fauns
  5 cyclopes
  4 elephants (Lair:3)
  6 water nymphs
  10 merfolk sirens
  5 black mambas
  A gargoyle (D:10)
  2 torpor snails
  20 cane toads
  2 unseen horrors
  7 rime drakes
  8 komodo dragons
  2 yaktaurs
  A demonic crawler (Spider:3)
  A kobold demonologist (D:7)
  A tengu conjurer (D:9)
  3 trolls
  11 wind drakes
  23 merfolk
  A meliai (D:12)
  3 polar bears
  A queen bee (shapeshifter) (D:12)
  18 tarantellas
  2 slime creatures (D:12)
  6 dream sheep
  12 blink frogs
  7 snapping turtles
  13 jumping spiders
  A vampire (D:9)
  A shadow (D:12)
  5 water elementals
  6 wyverns
  7 basilisks
  A wraith (D:12)
  25 yaks
  17 culicivoras
  A fire bat (Spider:1)
  A golden eye (shapeshifter) (Spider:1)
  A steam dragon (D:7)
  55 redbacks
  A vampire mosquito (D:10)
  Menkaure (D:4)
  A naga (Spider:1)
  4 wargs
  4 acid dragons
  10 water moccasins
  Duvessa (D:6)
  5 black bears
  40 orc warriors
  3 swamp drakes
  An ice beast (D:7)
  2 sky beasts
  A boggart (Orc:2)
  15 wolves
  9 centaurs
  14 ogres
  A phantom (D:6)
  A kobold brigand (D:7)
  Blork the orc (D:5)
  8 bullfrogs
  A gnoll sergeant (D:9)
  2 scorpions (D:5)
  20 wights
  Dowan (D:6)
  19 killer bees
  5 howler monkeys
  5 electric eels
  3 hounds
  7 jellies
  34 orc priests
  Natasha (thrice) (D:2)
  7 iguanas
  24 orc wizards
  5 mummies
  12 adders
  5 gnolls (D:9)
  4 river rats (Sewer)
  3 shadow imps
  4 white imps
  6 ufetubi
  2 worms
  A dart slug (D:1)
  93 orcs
  6 bats
  9 endoplasms
  8 giant cockroaches
  8 goblins
  12 hobgoblins
  8 jackals
  2 quokkas
  9 ball pythons
  6 frilled lizards
  6 gnoll skeletons (Ossuary)
  6 gnoll zombies (Ossuary)
  5 goblin skeletons (Ossuary)
  3 goblin zombies
  A hobgoblin skeleton (Ossuary)
  6 hobgoblin zombies
  14 kobolds
  6 kobold skeletons (Ossuary)
  5 kobold zombies (Ossuary)
  3 orc skeletons (Ossuary)
  4 orc zombies (Ossuary)
  8 rats
  4 rat skeletons (Ossuary)
  3 rat zombies (Ossuary)
  A butterfly (Lair:5)
  6 tentacles
1026 creatures vanquished.

Vanquished Creatures (collateral kills)
  Bai Suzhen (Shoals:4)
  The ghost of Roricw the Warrior, an adept MiBe of Trog (Shoals:1)
  An emperor scorpion (Lair:6)
  Louise (Shoals:1)
  A quicksilver ooze (Lair:6)
  A boulder beetle (D:12)
  A centaur warrior (D:12)
  A skeletal warrior (D:12)
  An orc knight (D:12)
  A wolf spider (D:12)
  A deep elf pyromancer (D:12)
  2 cyclopes (D:12)
  A black mamba (Lair:6)
  A freezing wraith (D:12)
  A merfolk (Shoals:2)
  A wind drake (Shoals:2)
  A wraith (D:9)
  A yak (D:8)
  A basilisk (D:9)
  A steam dragon (D:8)
  A redback (Spider:2)
  An acid dragon (D:9)
  A centaur (D:8)
  3 killer bees (D:8)
  2 orc priests (D:8)
  An orc wizard (D:12)
  5 orcs
35 creatures vanquished.

Vanquished Creatures (others)
  An orc sorcerer (Orc:2)
  An orc priest (Orc:1)
  2 orcs
  A kobold (D:7)
  40 fungi
  85 plants
  30 tentacles
  A withered plant (Shoals:2)
161 creatures vanquished.

Grand Total: 1222 creatures vanquished

Notes
Turn   | Place    | Note
-------+----------+-------------------------------------------
     0 | D:1      | Dabor the Gargoyle Fighter began the quest for the Orb.
     0 | D:1      | Reached XP level 1. HP: 14/14 MP: 1/1
    24 | D:1      | Found Synueriu's Distillery.
   127 | D:1      | Reached XP level 2. HP: 19/19 MP: 2/2
   675 | D:1      | Reached XP level 3. HP: 22/23 MP: 3/3
  1524 | D:2      | Identified the +6 scale mail of the Mashing Gods {Str+3
                  | Dex+2}
  1624 | D:2      | Reached XP level 4. HP: 29/29 MP: 4/4
  1835 | D:3      | Noticed Natasha
  1857 | D:2      | Killed Natasha
  1949 | D:2      | Noticed Natasha
  1960 | D:2      | Killed Natasha
  1961 | D:2      | Reached XP level 5. HP: 14/33 MP: 5/5
  2306 | D:3      | Reached skill level 1 in Dodging
  2322 | D:2      | Noticed Natasha
  2324 | D:2      | Killed Natasha
  2966 | D:3      | Found a basalt altar of Yredelemnul.
  3003 | D:3      | Found a faded altar of an unknown god.
  3048 | D:3      | Prayed at the altar of an unknown god.
  3048 | D:3      | Became a worshipper of Sif Muna the Loreminder
  3048 | D:3      | Reached * piety under Sif Muna
  3050 | D:3      | Fell from the grace of Sif Muna
  3386 | D:3      | Found a bloodstained altar of Trog.
  3400 | D:3      | Found a hide-covered altar of Uskayaw.
  3429 | D:3      | Found a sparkling altar of Nemelex Xobeh.
  3506 | D:3      | Became a worshipper of Nemelex Xobeh the Trickster
  3592 | D:4      | Noticed Menkaure
  3603 | D:4      | Killed Menkaure
  3604 | D:4      | Reached XP level 6. HP: 26/39 MP: 6/6
  3801 | D:4      | Noticed a black bear
  3833 | D:4      | Reached skill level 5 in Armour
  3846 | D:4      | Killed a black bear
  3847 | D:4      | Reached skill level 5 in Fighting
  3847 | D:4      | Reached XP level 7. HP: 44/44 MP: 7/7
  4392 | D:4      | Reached * piety under Nemelex Xobeh
  4521 | D:4      | Found a shimmering blue altar of Sif Muna.
  4746 | D:4      | Received a gift from Nemelex Xobeh
  4938 | D:5      | Entered Level 5 of the Dungeon
  4954 | D:5      | Reached XP level 8. HP: 45/51 MP: 8/8
  4958 | D:5      | Noticed Pikel
  4979 | D:5      | Killed Pikel
  4980 | D:5      | Reached skill level 5 in Maces & Flails
  5157 | D:5      | Found a glowing drain.
  5161 | Sewer    | Entered a sewer
  5371 | Sewer    | Reached ** piety under Nemelex Xobeh
  6027 | D:5      | Reached XP level 9. HP: 48/56 MP: 9/9
  6266 | D:5      | Found a broken altar of Ashenzari.
  6290 | D:5      | Noticed Blork the orc
  6302 | D:5      | Killed Blork the orc
  6889 | D:6      | Noticed Dowan
  6891 | D:6      | Noticed Duvessa
  6902 | D:6      | Killed Duvessa
  6936 | D:6      | Killed Dowan
  6937 | D:6      | Reached skill level 5 in Dodging
  7328 | D:6      | Found an opulent altar of Gozag.
  7350 | D:6      | Found an iron altar of Okawaru.
  7769 | D:6      | Reached *** piety under Nemelex Xobeh
  7901 | D:7      | Found a sacrificial altar of Ru.
  8040 | D:7      | Noticed a kobold demonologist
  8043 | D:7      | Noticed a smoke demon
  8045 | D:7      | Noticed an ice devil
  8050 | D:7      | Killed a kobold demonologist
  8051 | D:7      | Reached XP level 10. HP: 45/64 MP: 7/10
  8268 | D:7      | Received a gift from Nemelex Xobeh
  8308 | D:7      | Found a staircase to the Ecumenical Temple.
  8504 | Temple   | Entered the Ecumenical Temple
  8746 | D:7      | Was forgiven by Sif Muna
  8953 | D:8      | Found a blossoming altar of Fedhas.
  9037 | D:8      | Found a sand-covered staircase.
  9043 | Ossuary  | Entered an ossuary
  9468 | D:8      | Reached **** piety under Nemelex Xobeh
  9728 | D:8      | Paralysed by a wight for 2 turns
  9942 | D:8      | Found Houtzuc's Book Emporium.
 10390 | D:9      | Noticed a two-headed ogre
 10397 | D:9      | Killed a two-headed ogre
 10528 | D:9      | Found an ancient bone altar of Kikubaaqudgha.
 10630 | D:9      | Reached XP level 11. HP: 71/71 MP: 11/11
 10683 | D:9      | Received a gift from Nemelex Xobeh
 10954 | D:9      | Found a stormy altar of Qazlal.
 10983 | D:9      | Found a staircase to the Lair.
 11114 | D:9      | Identified the +6 mace "Coirakh" {freeze, Fragile Will+++
                  | MP+9 SInv}
 11207 | D:9      | Noticed Gastronok
 11227 | D:9      | Killed Gastronok
 11228 | D:9      | Reached skill level 10 in Fighting
 11228 | D:9      | Reached skill level 10 in Armour
 11533 | D:9      | Received a gift from Nemelex Xobeh
 12159 | D:9      | Identified a scroll of acquirement
 12159 | D:9      | Acquired the ring "Kij Goza" {rF+ Will++ AC+4 Int-5}
 12177 | D:10     | Entered Level 10 of the Dungeon
 13515 | D:11     | Noticed a four-headed hydra
 13515 | D:11     | Reached ***** piety under Nemelex Xobeh
 13532 | D:11     | Killed a four-headed hydra
 13749 | D:11     | Received a gift from Nemelex Xobeh
 13777 | D:11     | Noticed a cyclops
 13779 | D:11     | Killed a cyclops
 13799 | D:11     | Reached XP level 12. HP: 79/79 MP: 12/12
 13857 | D:11     | Found a staircase to the Orcish Mines.
 14042 | D:11     | Reached skill level 1 in Invocations
 14598 | D:12     | Received a gift from Nemelex Xobeh
 14767 | D:12     | Found a runed translucent door.
 14782 | D:12     | Reached skill level 10 in Maces & Flails
 14949 | D:12     | Noticed a five-headed hydra
 14957 | D:12     | Killed a five-headed hydra
 14972 | D:12     | Noticed a centaur warrior
 14977 | D:12     | Killed a centaur warrior
 14992 | D:12     | Noticed a sphinx
 14992 | D:12     | Noticed a great orb of eyes
 14993 | D:12     | a great orb of eyes changed into a glowing shapeshifter
 14993 | D:12     | Noticed a frost giant
 14993 | D:12     | a sphinx changed into a frost giant
 15003 | D:12     | Killed a frost giant
 15324 | D:12     | Reached skill level 5 in Shields
 15544 | D:12     | Noticed a centaur warrior
 15548 | D:12     | Noticed a centaur warrior
 15550 | D:12     | Killed a centaur warrior
 15557 | D:12     | Killed a centaur warrior
 15558 | D:12     | Reached skill level 1 in Evocations
 15567 | D:12     | Reached skill level 5 in Invocations
 15597 | D:12     | Noticed a boulder beetle
 15604 | D:12     | Reached XP level 13. HP: 65/84 MP: 17/17
 16151 | Orc:1    | Entered Level 1 of the Orcish Mines
 16247 | Orc:1    | Found a radiant altar of Vehumet.
 16519 | Orc:2    | Entered Level 2 of the Orcish Mines
 16563 | Orc:2    | Received a gift from Nemelex Xobeh
 17081 | Orc:2    | Found Domivet's Armour Emporium.
 17192 | Orc:2    | Found Yproteur's Armour Shoppe.
 17820 | Orc:2    | Found Xororche's General Store.
 17862 | Orc:2    | Noticed an orc warlord
 18307 | Orc:2    | Killed an orc warlord
 18723 | Orc:2    | Found a staircase to the Elven Halls.
 18800 | Orc:2    | Gained mutation: Your large and strong wings let you fly.
                  | [Gargoyle growth]
 18800 | Orc:2    | Reached XP level 14. HP: 61/92 MP: 19/19
 19125 | Orc:2    | Found Yhiaf Ceklul's General Store.
 19142 | Orc:2    | Bought a potion of heal wounds for 65 gold pieces
 19142 | Orc:2    | Bought a scroll of identify for 26 gold pieces
 19142 | Orc:2    | Bought an amulet of regeneration for 390 gold pieces
 19142 | Orc:2    | Bought a scroll of identify for 26 gold pieces
 19273 | Orc:2    | Bought a potion of mutation for 112 gold pieces
 19273 | Orc:2    | Bought a scroll of identify for 28 gold pieces
 19273 | Orc:2    | Bought 2 potions of mutation for 224 gold pieces
 19283 | Orc:2    | Gained mutation: You are partially covered in large bone
                  | plates. (SH +4) [potion of mutation]
 19283 | Orc:2    | Gained mutation: You have a beak for a mouth. [potion of
                  | mutation]
 19746 | Orc:2    | Received a gift from Nemelex Xobeh
 19935 | Lair:1   | Entered Level 1 of the Lair of Beasts
 19973 | Lair:1   | Noticed Urug
 19986 | Lair:1   | Killed Urug
 20218 | Lair:1   | Received a gift from Nemelex Xobeh
 21480 | Lair:2   | Received a gift from Nemelex Xobeh
 21784 | Lair:2   | Acquired the amulet "Noedoull" {Reflect rElec Regen+ SH+5}
 22125 | Lair:3   | Received a gift from Nemelex Xobeh
 22312 | Lair:3   | Reached skill level 5 in Evocations
 22384 | Lair:3   | Found a staircase to the Shoals.
 22461 | Lair:3   | Received a gift from Nemelex Xobeh
 22462 | Lair:3   | Found a hole to the Spider Nest.
 22890 | Lair:4   | Found an ornate altar of the Wu Jian Council.
 23109 | Lair:4   | Reached ****** piety under Nemelex Xobeh
 23150 | Lair:4   | Received a gift from Nemelex Xobeh
 23786 | Lair:5   | Received a gift from Nemelex Xobeh
 24243 | Lair:6   | Entered Level 6 of the Lair of Beasts
 24284 | Lair:6   | Reached XP level 15. HP: 86/98 MP: 21/21
 24468 | Lair:6   | Received a gift from Nemelex Xobeh
 24551 | Lair:6   | Noticed an emperor scorpion
 24551 | Lair:6   | a death yak changed into an emperor scorpion
 24551 | Lair:6   | Noticed a storm dragon
 24551 | Lair:6   | a death yak changed into a storm dragon
 24563 | Lair:6   | Killed an emperor scorpion
 24578 | Lair:6   | Killed a storm dragon
 24579 | Lair:6   | Reached skill level 10 in Dodging
 24964 | Lair:6   | Identified the +7 trident "Ciadaih" {vorpal, +Blink rC+
                  | Str+5 Stlth-}
 25013 | Lair:6   | Found a runed translucent door.
 25013 | Lair:6   | Found a viscous altar of Jiyva.
 25014 | Lair:6   | Found a staircase to the Slime Pits.
 25438 | Shoals:1 | Entered Level 1 of the Shoals
 25476 | Shoals:1 | Acquired a +4 eveningstar of holy wrath
 25909 | Shoals:1 | Received a gift from Nemelex Xobeh
 25909 | Shoals:1 | Noticed Nikola
 25911 | Shoals:1 | Banished Nikola
 25977 | Shoals:1 | Noticed Louise
 26000 | Shoals:1 | Found a runed translucent door.
 26001 | Shoals:1 | Noticed Roricw's ghost (adept MiBe)
 26029 | Shoals:1 | Killed Louise
 26032 | Shoals:1 | Killed Roricw's ghost
 26037 | Shoals:1 | Identified the +5 quarterstaff of the Vulture {drain, rN++}
 26356 | Shoals:2 | Reached skill level 10 in Invocations
 26501 | Shoals:2 | Reached XP level 16. HP: 70/105 MP: 23/23
 26658 | Shoals:2 | Received a gift from Nemelex Xobeh
 26665 | Shoals:2 | Found Wibufoph's Book Emporium.
 26672 | Shoals:2 | Noticed Frances
 26685 | Shoals:2 | Killed Frances
 26732 | Shoals:2 | Identified the +1 war axe of Gaeh {drain, Contam Str+2
                  | Int+4}
 26887 | Shoals:2 | Reached skill level 10 in Shields
 27187 | Shoals:2 | Received a gift from Nemelex Xobeh
 27347 | Shoals:3 | Noticed Donald
 27348 | Shoals:3 | Noticed a kraken
 27375 | Shoals:3 | Killed Donald
 27482 | Shoals:3 | Killed a kraken
 27950 | Shoals:3 | Found Raoram's Jewellery Shop.
 28046 | Shoals:3 | Identified the +9 halberd of Gaxol {spect, *Slow Int+4
                  | Dex+4}
 28074 | Shoals:3 | Noticed Ilsuiw
 28143 | Shoals:3 | Killed Ilsuiw
 28582 | Shoals:4 | Entered Level 4 of the Shoals
 29135 | Shoals:4 | Noticed Polyphemus
 29155 | Shoals:4 | Killed Polyphemus
 29156 | Shoals:4 | Reached XP level 17. HP: 93/112 MP: 25/25
 29254 | Shoals:4 | Noticed a kraken
 29421 | Shoals:4 | Killed a kraken
 29510 | Shoals:4 | Received a gift from Nemelex Xobeh
 29525 | Shoals:4 | Noticed Bai Suzhen
 29541 | Shoals:4 | Killed Bai Suzhen
 29814 | Shoals:4 | Reached skill level 15 in Armour
 30142 | Shoals:4 | Got a barnacled rune of Zot
 30248 | Shoals:4 | Reached skill level 15 in Fighting
 30488 | Spider:1 | Entered Level 1 of the Spider Nest
 31460 | Spider:2 | Received a gift from Nemelex Xobeh
 31649 | Spider:1 | Reached XP level 18. HP: 71/119 MP: 27/27
 31750 | Spider:2 | Noticed Arachne
 31973 | Spider:2 | Killed Arachne
 32577 | Spider:3 | Received a gift from Nemelex Xobeh
 32821 | Spider:3 | Received a gift from Nemelex Xobeh
 33306 | Spider:4 | Entered Level 4 of the Spider Nest
 33463 | Spider:4 | HP: 5/120 [emperor scorpion (27)]
 33463 | Spider:4 | Slain by an emperor scorpion

Illustrated notes

Levels and vault maps discovered:
D:1:      saegor_arrival_simple_d, layout_basic, serial_shops, shop,
          minmay_stone_trees_small
D:2:      layout_basic, roderic_roman_lattice, skrybe_limestone_x,
          minmay_bisected
D:3:      layout_rooms, nicolae_overflow_quartered_altars,
          basic_ecumenical_altar, uniq_natasha
D:4:      minmay_evil_eye, layout_cave_pods, nicolae_overflow_hidden_temple,
          serial_glass, glass_columns_a, glass_columns_c,
          minmay_fractal_squares_diagonal_5, uniq_menkaure
D:5:      layout_gridville, ashenzari_conservatory_becter, gup_sewer_entry_bowl,
          uniq_blork_the_orc, uniq_pikel
D:6:      layout_loops_ring, lemuel_crystal_altar, kennysheep_okawaru_gauntlet,
          uniq_duvessa
D:7:      layout_loops_ring, nicolae_ru_sacrificial_ziggurat, temple_hall
D:8:      layout_cave_pools, lemuel_doored_altar, nicolae_ossuary_entry_giza,
          serial_shops, kennysheep_mini_moat, serial_park, serial_park_square3
          [serial_park_minivault_5x5_6], serial_park_tiny_1, serial_park_gazebo
          [serial_park_minivault_5x5_6]
D:9:      minmay_tri_box, layout_stronghold, nicolae_overflow_crystal_walls,
          mainiacjoe_overflow_24_doors, dpeg_oklobed_lair, water_boxes_lemuel,
          uniq_gastronok
D:10:     layout_cave_pools, roderic_lattice_a, minmay_starry_boxes
D:11:     layout_big_octagon, erik_orc_4
D:12:     minmay_crescents, layout_basic, minivault_13
Temple:   compressed_dpeg_circular_temple
Lair:1:   dpeg_oklob_gauntlet, layout_regular_city, infiniplex_staircase_pool,
          uniq_urug
Lair:2:   layout_misc_corridors, serial_bayou_shore_a
Lair:3:   layout_cave_shapes, minmay_shoals_entry_centaurs,
          hellmonk_spider_entry_life_and_decay, st_stairs_4,
          infiniplex_staircase_pool_2
Lair:4:   layout_gridlike, basic_altar, serial_bayou_shore_b
Lair:5:   layout_regular_city, eino_small_chamber_without_monster,
          lemuel_fruit_fields, serial_bayou_shore_b
Lair:6:   guppyfry_lair_end_dragon, layout_loops_ring, wormcave, slime_altar_2,
          lemuel_fruit_fields
Shoals:1: layout_shoals, gammafunk_ghost_grave, uniq_louise, uniq_nikola
Shoals:2: layout_shoals, serial_shops, nicolae_shop_advertising_works
          [nicolae_subvault_shop_adworks], argonaut_gorgonesque, uniq_frances
Shoals:3: layout_shoals, minmay_shop_enchanted_jewellery, uniq_donald,
          uniq_ilsuiw
Shoals:4: shoals_end_simple, layout_shoals, uniq_bai_suzhen, uniq_polyphemus
Spider:1: layout_spider_delve
Spider:2: layout_spider_delve, uniq_arachne
Spider:3: layout_spider_delve, hangedman_spider_tarantella_strand
Spider:4: grunt_spider_rune_circles, uniq_roxanne
Orc:1:    layout_diamond_mine, basic_altar
Orc:2:    pubby_orc_utopia

Skill      XL: |  1  2  3  4  5  6  7  8  9 10 11 12 13 14 15 16 17 18 |
---------------+-------------------------------------------------------+-----
Fighting       | 4 5 6 8 9 10 11 12 13 14 15 | 15.7
Armour         | 4 5 6 8 9 10 11 12 13 14 15 | 15.7
Maces & Flails | 3 4 5 7 8 9 10 11 12 13 14 | 14.3
Dodging        | 1 2 3 4 5 6 7 8 9 10 11 | 11.6
Shields        | 5 7 8 9 10 11 12 | 12.2
Invocations    | 5 7 8 10 11 12 | 12.2
Evocations     | 1 4 5 6 8 9 |  9.2

Action                   |  1- 3 |  4- 6 |  7- 9 | 10-12 | 13-15 | 16-18 || total
-------------------------+-------+-------+-------+-------+-------+-------++-------
Melee: Flail             |   127 |   127 |   349 |   295 |       |       ||   898
       Trident           |       |       |     5 |       |       |       ||     5
       Mace              |       |       |       |   376 |  1448 |       ||  1824
       Peck              |       |       |       |       |   248 |   330 ||   578
       Eveningstar       |       |       |       |       |   182 |  1233 ||  1415
Throw: Throwing net      |       |     4 |       |       |       |       ||     4
       Dart              |       |       |       |    35 |     2 |       ||    37
       Boomerang         |       |       |       |       |    41 |    36 ||    77
Invok: Renounce Religion |       |     1 |       |       |       |       ||     1
       Draw Destruction  |       |       |     7 |    13 |    18 |    14 ||    52
       Draw Summoning    |       |       |       |     6 |     9 |     6 ||    21
       Draw Escape       |       |       |       |     3 |     3 |     4 ||    10
       Triple Draw       |       |       |       |     2 |       |     2 ||     4
       Deal Four         |       |       |       |     1 |       |     5 ||     6
Evoke: Tin of tremorston |       |       |       |       |     3 |     8 ||    11
       Wand              |       |       |       |       |    27 |     7 ||    34
       Condenser vane    |       |       |       |       |     1 |     5 ||     6
       Box of beasts     |       |       |       |       |       |     1 ||     1
       Lightning rod     |       |       |       |       |       |     4 ||     4
  Use: Potion            |       |     8 |     3 |     2 |     3 |       ||    16
       Scroll            |       |     4 |    12 |     7 |    11 |     2 ||    36
 Stab: Distracted        |       |       |       |     1 |     1 |       ||     2
       Paralysed         |       |       |       |       |     4 |       ||     4
       Held in net/web   |       |       |       |       |       |     1 ||     1
Armor: Scale mail        |    74 |    77 |   223 |   306 |   680 |   833 ||  2193
       Skin              |       |    32 |       |       |       |       ||    32
Dodge: Dodged            |    75 |    67 |   191 |   240 |   602 |   624 ||  1799
Block: Buckler           |    34 |    36 |    49 |       |       |       ||   119
       Kite shield       |       |       |   108 |   503 |  1822 |  2105 ||  4538
       Reflection        |       |       |       |       |    57 |    65 ||   122

Table legend: (Time is in decaauts)
 A = Elapsed time spent in this place.
 B = Non-inter-level travel time spent in this place.
 C = Inter-level travel time spent in this place.
 D = Time resting spent in this place.
 E = Time spent auto-exploring this place.
 F = Levels seen in this place.
 G = Mean time per level.
                   A        B        C        D        E       F      G
               +--------+--------+--------+--------+--------+-----+--------+
         Total |  33883 |  32299 |   1584 |   4855 |  18681 |  31 | 1093.0 |
       Dungeon |  15263 |  14617 |    646 |   2631 |   8661 |  12 | 1271.9 |
        Temple |     87 |     77 |     10 |      0 |     68 |   1 |   87.0 |
          Lair |   5808 |   5512 |    296 |    851 |   3299 |   6 |  968.0 |
        Shoals |   5011 |   4747 |    264 |    546 |   2505 |   4 | 1252.8 |
   Spider Nest |   2643 |   2468 |    175 |    312 |   1357 |   4 |  660.8 |
  Orcish Mines |   3733 |   3542 |    191 |    480 |   1962 |   2 | 1866.5 |
         Sewer |    924 |    924 |      0 |     35 |    673 |   1 |  924.0 |
       Ossuary |    411 |    411 |      0 |      0 |    155 |   1 |  411.0 |
               +--------+--------+--------+--------+--------+-----+--------+

Top non-repeatable levels by time:
   Orc:2: 2986 daAuts
     D:9: 2341 daAuts
    D:12: 1851 daAuts
     D:2: 1793 daAuts
Shoals:4: 1761 daAuts
  Lair:1: 1510 daAuts
     D:4: 1415 daAuts
Shoals:3: 1393 daAuts
     D:6: 1212 daAuts
    D:10: 1131 daAuts
  Lair:6: 1102 daAuts
     D:5: 1037 daAuts
  Lair:3: 985 daAuts
Shoals:2: 972 daAuts
     D:3: 953 daAuts
